 Dungeon Crawl Stone Soup version 0.30-a0-989-g0d87f670db (webtiles) character file.

Game seed: 3828402501589550928

140 Jeffwins the Stinger (level 5, -4/35 HPs)
             Began as a Human Wanderer on Apr 3, 2023.
             Slain by a phantom (6 damage)
             ... on level 3 of the Dungeon.
             The game lasted 00:04:02 (2623 turns).

Jeffwins the Stinger (Human Wanderer)               Turns: 2623, Time: 00:04:03

Health: -4/35      AC:  4    Str: 11    XL:     5   Next: 46%
Magic:  6/7        EV: 11    Int: 15    God:
Gold:   102        SH:  0    Dex: 13    Spells: 1/7 levels left

rFire   + . .      SeeInvis .    j - +0 sling
rCold   + . .      Faith    .    (no shield)
rNeg    . . .      Spirit   .    s - +0 leather armour
rPois   +          Reflect  .    (no helmet)
rElec   +          Rampage  .    (no cloak)
rCorr   +                        (no gloves)
Will    +....                    u - +0 pair of boots
Stlth   +                        (no amulet)
HPRegen 0.25/turn                e - ring of willpower
MPRegen 0.10/turn                (no ring)

@: brilliant, resistant, very slightly contaminated
A: no striking features
a: no special abilities


You were on level 3 of the Dungeon.
You visited 1 branch of the dungeon, and saw 3 of its levels.

You collected 102 gold pieces.


   Skills:
 * Level 1.2 Ranged Weapons
 - Level 1.0 Dodging
 + Level 1.0 Stealth
 * Level 1.8 Spellcasting
 * Level 1.2 Conjurations
 * Level 1.4 Transmutations
 * Level 2.0 Fire Magic
 * Level 5.4 Poison Magic
 + Level 2.3 Evocations


You had one spell level left.
You knew the following spells:

 Your Spells              Type           Power      Damage    Failure   Level
o - Olgreb's Toxic Radia  Pois           26%        N/A       32%         4
x - Sting                 Tmut/Pois      68%        1d6       8%          1
z - Foxfire               Conj/Fire      36%        2x1d3     16%         1

Your spell library contained the following spells:

 Spells                   Type           Power      Damage    Failure   Level
 Spider Form              Tmut/Pois      17%        N/A       22%         3
 Sublimation of Blood     Necr           2%         N/A       41%         2
 Inner Flame              Hex/Fire       6%         N/A       52%         3
 Hailstorm                Conj/Ice       4%         3d4       56%         3
 Ice Form                 Ice/Tmut       5%         N/A       92%         4
 Petrify                  Tmut/Erth      5%         N/A       92%         4
 Irradiate                Conj/Tmut      4%         3d13      99%         5
 Simulacrum               Ice/Necr       1%         N/A       100%        6

Inventory:

Hand Weapons
 j - a +0 sling (weapon)
 v - the +4 hand axe "Demonbane" {freeze, *Slow +Blink rC- Str+7}
   (You found it on level 3 of the Dungeon)

   Str:       It affects your strength (+7).
   rC:        It makes you vulnerable to cold.
   +Blink:    It lets you blink.
   *Slow:     It may slow you when you take damage.
Armour
 s - a +0 leather armour (worn)
 u - a +0 pair of boots (worn)
Jewellery
 e - a ring of willpower (left hand)
Wands
 a - a wand of flame (3)
Scrolls
 b - a scroll of blinking
 f - 4 scrolls of identify {unknown}
 g - 2 scrolls of enchant armour {unknown}
 h - a scroll of fog {unknown}
 k - 2 scrolls of fear {unknown}
 n - a scroll of vulnerability {unknown}
 o - a scroll of enchant weapon {unknown}
 p - a scroll of teleportation {unknown}
 q - a scroll of noise {unknown}
 r - a scroll of amnesia {unknown}
Potions
 i - a potion of curing {unknown}
 m - a potion of brilliance
 t - a potion of attraction {unknown}
 w - a potion of heal wounds {unknown}

Dungeon Overview and Level Annotations

Branches:
Dungeon (3/15)

Altars:

.................##
...................##
.....................####..
.................[.........##
.............................#
.............)...............
............................#
...............v............#
.............)..@...........#
................Wv..........#
............................#####
......................####.......
......................####.....>.
.................................
#######......####...#............
#......# #.#.#.....####...
#......# #.#.#.....####...


You could see a phantom (ally target).


Message History

* * * LOW HITPOINT WARNING * * *
The phantom blinks!
You blink.
Unknown command.
Casting: Foxfire (safe; 16% risk of failure)
Confirm with . or Enter, or press ? or * to list all spells.
You miscast Foxfire.
Nothing appears to happen.
The phantom hits you.
* * * LOW HITPOINT WARNING * * *
Unknown command.
Okay, then.
You shoot a sling bullet.
The sling bullet closely misses the phantom.
The phantom misses you. The phantom hits you.
* * * LOW HITPOINT WARNING * * *
It was a potion of brilliance.
You feel clever all of a sudden. The phantom barely misses you.
Unknown command.
It was a potion of resistance.
You feel protected. The phantom closely misses you.
Unknown command.
It was a potion of magic.
Magic courses through your body. The phantom hits you!
* * * LOW HITPOINT WARNING * * *
Unknown command.
Okay, then.
Casting: Foxfire (safe; 16% risk of failure)
Confirm with . or Enter, or press ? or * to list all spells.
You feel a surge of power!
You conjure some foxfire!
The phantom hits you.
You die...

Skill      XL: |  1  2  3  4  5 |
---------------+----------------+-----
Transmutations | 1 |  1.4
Ranged Weapons | 1 |  1.2
Conjurations   | 1 |  1.2
Fire Magic     | 2 |  2.0
Stealth        | 1 |  1.0
Dodging        | |  1.0
Spellcasting   | |  1.8
Poison Magic   | |  5.4
Evocations     | |  2.3

Action                     |  1- 3 |  4- 6 || total
---------------------------+-------+-------++-------
  Melee: Dagger            |    17 |       ||    17
   Fire: Sling             |    34 |    23 ||    57
   Cast: Foxfire           |    24 |    41 ||    65
         Sting             |    12 |     2 ||    14
    Use: Potion            |       |     3 ||     3
 Armour: Robe              |    11 |       ||    11
         Leather armour    |       |     7 ||     7
  Dodge: Dodged            |    33 |    22 ||    55

Levels and vault maps discovered:
D:1:      lemuel_arrival_rhombus, layout_rooms
D:2:      layout_basic, kennysheep_cross_room, kennysheep_minor_cross,
          minmay_tetromino_t2, uniq_natasha
D:3:      layout_basic, chequers_serial_rivers_room_a, uniq_crazy_yiuf_cottage

Notes
Turn   | Place    | Note
-------+----------+-------------------------------------------
     0 | D:1      | Jeffwins the Human Wanderer began the quest for the Orb.
     0 | D:1      | Jeffwins set off with the following items: a +0 dagger, a
                  | scroll of blinking, a +0 robe, a wand of flame (3); and the
                  | following spells available to memorise: Sting, Foxfire,
                  | Spider Form, Olgreb's Toxic Radiance, Inner Flame.
     0 | D:1      | Reached XP level 1. HP: 13/13 MP: 2/2
     2 | D:1      | Learned a level 1 spell: Foxfire
     4 | D:1      | Learned a level 1 spell: Sting
   169 | D:1      | Reached XP level 2. HP: 19/19 MP: 0/3
   726 | D:2      | Reached XP level 3. HP: 22/24 MP: 0/4
  1277 | D:2      | Noticed Natasha
  1285 | D:2      | Killed Natasha
  1286 | D:2      | Reached skill level 1 in Transmutations
  1286 | D:2      | Reached XP level 4. HP: 22/30 MP: 0/6
  1732 | D:2      | Noticed Natasha
  1737 | D:2      | Killed Natasha
  1738 | D:2      | Reached skill level 1 in Ranged Weapons
  1738 | D:2      | Reached skill level 1 in Conjurations
  2012 | D:2      | Noticed Natasha
  2063 | D:2      | Killed Natasha
  2064 | D:2      | Reached XP level 5. HP: 24/35 MP: 0/7
  2149 | D:3      | Reached skill level 2 in Fire Magic
  2191 | D:3      | Reached skill level 1 in Stealth
  2203 | D:3      | Learned a level 4 spell: Olgreb's Toxic Radiance
  2380 | D:3      | Identified the +4 hand axe "Demonbane" {freeze, *Slow
                  | +Blink rC- Str+7}
  2599 | D:3      | Noticed a phantom
  2621 | D:3      | Identified a potion of resistance
  2622 | D:3      | HP: 2/35 [phantom (7)]
  2623 | D:3      | Slain by a phantom

Vanquished Creatures
  Natasha (thrice) (D:2)
  2 adders
  2 worms
  5 ball pythons
  5 bats
  2 endoplasms
  A giant cockroach (D:1)
  4 goblins
  4 hobgoblins
  3 jackals (D:3)
  2 quokkas (D:1)
  4 kobolds
  3 rats
40 creatures vanquished.

Vanquished Creatures (others)
  118 foxfires
118 creatures vanquished.

Grand Total: 158 creatures vanquished

Table legend: (Time is in decaauts)
 A = Elapsed time spent in this place.
 B = Non-inter-level travel time spent in this place.
 C = Inter-level travel time spent in this place.
 D = Time resting spent in this place.
 E = Time spent auto-exploring this place.
 F = Levels seen in this place.
 G = Mean time per level.
                   A        B        C        D        E       F      G
               +--------+--------+--------+--------+--------+-----+--------+
         Total |   2644 |   2220 |    424 |     34 |   1789 |   3 |  881.3 |
       Dungeon |   2644 |   2220 |    424 |     34 |   1789 |   3 |  881.3 |
               +--------+--------+--------+--------+--------+-----+--------+

Top non-repeatable levels by time:
     D:2: 1570 daAuts
     D:1: 584 daAuts
     D:3: 490 daAuts

Table legend:
 A = Non-vault XP
 B = Vault XP
 C = Vault XP percentage of total XP
 D = Non-vault monster count
 E = Vault monster count
 F = Vault count percentage of total count
                 A         B        C        D         E       F
            +---------+---------+-------+---------+---------+-------
      Total |     163 |      37 |  18.5 |      38 |       2 |   5.0
            +---------+---------+-------+---------+---------+-------
        D:1 |      23 |       0 |   0.0 |      13 |       0 |   0.0
        D:2 |     108 |      37 |  25.5 |      15 |       2 |  11.8
        D:3 |      32 |       0 |   0.0 |      10 |       0 |   0.0
            +---------+---------+-------+---------+---------+-------
